AoeStats
← AiM | CanvaL

Golden Pit

509084649Analyzed
1v1 RM · 8d ago on Sep 25, 2026· 31m 59s· 2 players
Game mode
Random Map
Map size
Tiny (2 player)
Population
200
Speed
Normal
Resources
Standard
Victory
Conquest
Starting age
Dark Age
Ending age
Imperial Age
RankedLock teamsTeams togetherTeam positionsShared explorationLock speedFull tech treeHidden civsTurbo modeCheats
Victory
Defeat
🇨🇱 Magyars · Chile
1502
+13
🇨🇳 Britons · China
1434
-13
Les Choristes
6:34 Loom
9:26 Feudal Age
10:05 Double-Bit Axe
15:13 Horse Collar
15:47 Fletching
21:02 Wheelbarrow
24:50 Castle Age
23:13 Gold Mining
24:13 Padded Archer Armor
25:15 Stone Mining
25:29 Bodkin Arrow
24:54 Crossbowman
27:59 Ballistics
AiM | CanvaL
5:59 Loom
9:12 Feudal Age
9:58 Double-Bit Axe
16:35 Town Watch
20:07 Castle Age
18:50 Padded Archer Armor
18:40 Fletching
19:06 Horse Collar
19:17 Gold Mining
19:46 Bloodlines
21:23 Bodkin Arrow
22:47 Thumb Ring
27:18 Husbandry
30:06 Leather Archer Armor
Connection lost

Rejoining the realm…

Still unreachable

The connection could not be restored.

Session expired

The server has moved on; the page needs a fresh start.